AoeStats
← Filermon

Arabia

510117430Analyzed
2v2 RM · 3d ago on Sep 29, 2026· 14m 4s· 4 players
Game mode
Random Map
Map size
Medium (4 player)
Population
200
Speed
Normal
Resources
Standard
Victory
Conquest
Starting age
Dark Age
Ending age
Imperial Age
RankedLock teamsTeams togetherTeam positionsShared explorationLock speedFull tech treeHidden civsTurbo modeCheats
Victory
Defeat
🇳🇱 Armenians · Netherlands
1082
+17
🇵🇾 Vietnamese · Paraguay
1054
+18
🇦🇷 Shu · Argentina
1177
-20
🇮🇱 Berbers · Israel
1029
-15
Medipy51
2:11 Loom
10:37 Feudal Age
11:37 Town Watch
12:30 Horse Collar
12:36 Double-Bit Axe
De_Profeet
12:39 Feudal Age
12:50 Man-at-Arms
Viphera (ex Malín el frances)
7:10 Loom
9:41 Feudal Age
13:33 Wheelbarrow
13:08 Fletching
Filermon
9:45 Loom
11:44 Feudal Age
Connection lost

Rejoining the realm…

Still unreachable

The connection could not be restored.

Session expired

The server has moved on; the page needs a fresh start.